 Dungeon Crawl Stone Soup version 0.24-a0-640-ge7cd8ce796 (webtiles) character file.

Game seed: 18167868551572875854, levelgen mode: deterministic

17734 Ijustatesigmund the Cleaver (level 12, -8/110 HPs)
             Began as a Hill Orc Fighter on Sept 24, 2019.
             Was an Elder of Cheibriados.
             Mangled by a spectral seven-headed hydra (9 damage)
             ... in a Gauntlet.
             The game lasted 00:25:20 (11126 turns).

Ijustatesigmund the Cleaver (Hill Orc Fighter)     Turns: 11126, Time: 00:25:23

Health: -8/110     AC: 13    Str: 34    XL:     12   Next: 51%
Magic:  16/20      EV: 17    Int: 22    God:    Cheibriados [****..]
Gold:   699        SH: 12    Dex: 23    Spells: 11/11 levels left

rFire    + + .     SeeInvis +   a - +1 war axe
rCold    + . .     Gourm    .   c - +0 shield
rNeg     . . .     Faith    .   b - +1 ring mail {MR+}
rPois    +         Spirit   .   e - +0 helmet
rElec    +         Reflect  .   n - scarf {repulsion}
rCorr    +         Harm     .   x - +1 pair of gloves
MR       +....     NoTele   +   g - +0 pair of boots
Stlth    ++........             (no amulet)
HPRegen  0.28/turn              R - ring of protection from fire
MPRegen  0.17/turn              Q - +5 ring of evasion

@: mighty, brilliant, resistant, heavily drained, repel missiles, very slow
A: slimy green scales 1, see invisible, teleportitis 1, evolution 1, sturdy
frame 1
a: Bend Time, Temporal Distortion, Slouch, Renounce Religion


You were in a Gauntlet.
You worshipped Cheibriados.
Cheibriados was greatly pleased with you.
You were very hungry.

You visited 2 branches of the dungeon, and saw 14 of its levels.
You also visited: Ossuary and Gauntlet.

You collected 699 gold pieces.

Inventory:

Hand Weapons
 a - a +1 war axe (weapon)
 l - a +1 flail of draining
Missiles
 j - 8 curare-tipped darts (quivered)
Armour
 b - a +1 ring mail of magic resistance (worn)
 c - a +0 shield (worn)
 e - a +0 helmet (worn)
 g - a +0 pair of boots (worn)
 i - a +0 cloak
 n - a scarf of repulsion (worn)
 x - a +1 pair of gloves (worn)
 I - the +0 Maxwell's etheric cage {RegenMP+ *Contam rElec MP+4}
   (You found it in a Gauntlet)

   It insulates you from electricity.
   It affects your magic capacity (+4).
   It causes magical contamination when unequipped.
Jewellery
 k - an uncursed ring of protection from magic
 r - the ring "Dusontof" {*Tele rF+}
   (You found it on level 4 of the Dungeon)

   [ring of teleportation]

   It may teleport you next to monsters.
   It protects you from fire.
 C - an uncursed ring of positive energy
 Q - a +5 ring of evasion (right hand)
 R - a ring of protection from fire (left hand)
Wands
 t - a wand of flame (41)
 u - a wand of acid (7)
 E - a wand of enslavement (9)
 N - a wand of clouds (5)
 P - a wand of iceblast (7)
Scrolls
 h - 8 scrolls of teleportation
 o - 5 scrolls of remove curse
 v - a scroll of magic mapping
 y - 2 scrolls of enchant weapon
 D - 2 scrolls of enchant armour
 M - a scroll of amnesia
 O - a scroll of fear
Potions
 d - 3 potions of might
 m - 2 potions of invisibility
 p - 2 potions of magic
 q - 5 potions of curing
 s - 2 potions of lignification
 w - a potion of ambrosia
 z - 5 potions of flight
 A - a potion of agility
 F - a potion of brilliance
 G - 2 potions of mutation
 H - a potion of heal wounds {unknown}
 K - a potion of berserk rage {unknown}
Miscellaneous
 J - a lightning rod (4/4)
 L - a lightning rod (4/4)
Comestibles
 f - 25 rations


   Skills:
 + Level 11.4(9.4) Fighting
 + Level 13.0(10.9) Axes
 - Level 3.3(1.7) Throwing
 - Level 7.0(5.2) Armour
 - Level 4.5(2.8) Dodging
 - Level 7.0(5.2) Shields
 + Level 11.7(9.7) Invocations
 - Level 5.6(3.9) Evocations


You had 11 spell levels left.
You didn't know any spells.
Your spell library contained the following spells:

 Spells                   Type           Power        Failure   Level  Hunger
 Animate Skeleton         Necr           N/A          8%          1    ##.....
 Beastly Appendage        Tmut           ##....       8%          1    ##.....
 Pain                     Necr           ##..         8%          1    ##.....
 Sticks to Snakes         Tmut           ##......     12%         2    ###....
 Throw Flame              Conj/Fire      ##....       12%         2    ###....
 Regeneration             Chrm/Necr      ##........   21%         3    ####...
 Spider Form              Tmut/Pois      ##........   21%         3    ####...
 Vampiric Draining        Necr           ##........   21%         3    ####...
 Animate Dead             Necr           N/A          50%         4    #####..
 Ice Form                 Ice/Tmut       ##......     50%         4    #####..
 Blade Hands              Tmut           ##........   80%         5    ######.
 Bolt of Draining         Conj/Necr      ##........   80%         5    ######.
 Freezing Cloud           Conj/Ice/Air   ##........   99%         6    #######
 Spellforged Servitor     Conj/Summ      ##........   100%        7    #######


Dungeon Overview and Level Annotations

Branches:
Dungeon (14/15)            Temple (1/1) D:5            Lair (0/6) D:9
    Orc (0/2) D:9         Ossuary (visited)         Gauntlet (1/1)
 Vaults: D:13-14

Altars:
Ashenzari
Cheibriados
Dithmenos
Elyvilon
Fedhas
Gozag
Hepliaklqana
Kikubaaqudgha
Makhleb
Nemelex Xobeh
Okawaru
Qazlal
Ru
Sif Muna
Trog
Uskayaw
Vehumet
Wu Jian
Xom
Yredelemnul
Zin
The Shining One

Shops:
D:5 ([[!   D:6 [   D:8 (

Annotations:
D:9 exclusion: oklob plant Gauntlet 7 transporters


Innate Abilities, Weirdness & Mutations

You are partially covered in slimy green scales. (AC +2)
You have supernaturally acute eyesight. (SInv)
You are occasionally teleported next to monsters.
You evolve.
Your movements are slightly less encumbered by armour. (ER -2)


Message History

The spectral seven-headed hydra bites you but does no damage.
The spectral seven-headed hydra bites you.
* * * LOW HITPOINT WARNING * * *
You feel drained.
* * * LOW HITPOINT WARNING * * *
The spectral seven-headed hydra bites you.
* * * LOW HITPOINT WARNING * * *
You feel drained.
* * * LOW HITPOINT WARNING * * *
The spectral seven-headed hydra misses you.
You block the spectral seven-headed hydra's attack.
The spectral seven-headed hydra completely misses you.
It was a potion of resistance.
You feel protected.
The spectral seven-headed hydra misses you.
The spectral seven-headed hydra closely misses you.
The spectral seven-headed hydra misses you.
The spectral seven-headed hydra bites you but does no damage.
The spectral seven-headed hydra bites you!
You die...

#...#..#www.^.
#...#..###########...########
##.©.#§.............≈.........
.....#§§...........≈8≈........
##.©.#≈.............≈.........
#...#..###########...########
#...#..#....†#Z..#...#....≈≈.
#.8.#..#..##.Z#..#...#.≈≈≈^.≈
#...#..#..#†@##..#####≈.≈..≈.
#.8.#..#[.##..#..#...#..^≈≈.≈
#...#..#©.#.©##..#©.©#©.^≈.^≈
#≈8≈#..#".##..#..#...#.≈^≈≈..
#####..#?.#..##..#####^.≈..≈≈
#..#..##..#..#...#≈≈.≈≈.≈
###..#.....#...#.8.#....≈^©
#8#..###########...########
###........................


You could see a spectral seven-headed hydra and a spectral torpor snail.

Vanquished Creatures
  2 death scarabs (Gauntlet)
  A two-headed ogre (D:9)
  2 unseen horrors (D:10)
  Pikel (D:7)
  2 gargoyles
  A tengu conjurer (D:14)
  A hornet (D:10)
  A troll (D:9)
  3 hippogriffs
  A raiju (Gauntlet)
  2 spectral black mambas (Gauntlet)
  6 flying skulls (Gauntlet)
  A shadow (D:11)
  5 humans
  A wyvern (D:9)
  2 basilisks (D:9)
  4 hogs (D:10)
  2 wraiths
  A steam dragon (Gauntlet)
  4 hungry ghosts
  4 vampire mosquitoes (D:14)
  A two-headed ogre zombie (D:9)
  3 porcupines (D:9)
  Duvessa (D:7)
  A water moccasin (D:10)
  5 sky beasts
  5 orc warriors
  5 black bears
  7 ice beasts
  3 ogres
  A phantom (D:7)
  2 wolves (D:9)
  2 centaurs
  A crocodile (D:9)
  3 big kobolds
  8 bullfrogs
  A wyvern zombie (D:8)
  Dowan (D:7)
  2 water moccasin zombies (Ossuary)
  2 wyvern skeletons
  3 scorpions
  10 killer bees
  2 troll zombies (D:9)
  9 wights
  3 howler monkeys
  An electric eel (D:6)
  6 crimson imps
  A bullfrog zombie (D:12)
  A quasit (D:8)
  9 orc priests
  9 hounds
  2 jellies
  A gnoll shaman (D:5)
  Crazy Yiuf (D:2)
  2 bullfrog skeletons
  Jessica (D:3)
  Natasha (thrice) (D:4)
  Terence (D:3)
  An iguana (D:10)
  9 orc wizards
  3 human skeletons (D:7)
  6 worker ants
  A killer bee zombie (D:10)
  3 big kobold zombies (Ossuary)
  5 ogre zombies (D:9)
  A hound zombie (D:8)
  3 hound skeletons
  2 mummies (Ossuary)
  6 worker ant zombies
  8 gnolls
  7 adders
  5 shadow imps
  An ooze (D:3)
  3 adder skeletons
  2 adder zombies (Ossuary)
  3 worms
  13 leopard geckos
  28 orcs
  A ball python (D:4)
  8 bats
  7 giant cockroaches
  2 gnoll zombies (Ossuary)
  11 goblins
  9 hobgoblins
  13 jackals
  5 quokkas
  4 frilled lizards
  3 goblin skeletons (D:9)
  3 goblin zombies (D:9)
  9 hobgoblin zombies
  17 kobolds
  5 kobold zombies (Ossuary)
  A leopard gecko zombie (D:7)
  4 orc skeletons
  21 orc zombies
  6 rats
  A fungus (D:9)
406 creatures vanquished.

Vanquished Creatures (others)
  2 jackals (D:7)
  A kobold (D:7)
  8 plants (D:9)
  21 toadstools
32 creatures vanquished.

Grand Total: 438 creatures vanquished

Notes
Turn   | Place    | Note
-------+----------+-------------------------------------------
     0 | D:1      | Ijustatesigmund the Hill Orc Fighter began the quest for
                  | the Orb.
     0 | D:1      | Reached XP level 1. HP: 19/19 MP: 1/1
   198 | D:1      | Reached skill level 3 in Axes
   273 | D:1      | Reached XP level 2. HP: 27/27 MP: 2/2
   619 | D:1      | Reached skill level 4 in Axes
   631 | D:1      | Reached XP level 3. HP: 33/33 MP: 3/3
   979 | D:2      | Reached XP level 4. HP: 38/41 MP: 4/4
  1120 | D:2      | Found a runed translucent door.
  1121 | D:2      | Noticed Crazy Yiuf
  1127 | D:2      | Killed Crazy Yiuf
  1127 | D:2      | Reached skill level 5 in Axes
  1364 | D:3      | Noticed Terence
  1370 | D:3      | Killed Terence
  1370 | D:3      | Reached XP level 5. HP: 39/47 MP: 5/5
  1376 | D:3      | Reached skill level 6 in Axes
  1468 | D:3      | Reached skill level 5 in Fighting
  1859 | D:3      | Reached XP level 6. HP: 40/56 MP: 6/6
  2358 | D:3      | Noticed Jessica
  2364 | D:3      | Killed Jessica
  2364 | D:3      | Reached skill level 7 in Axes
  2606 | D:4      | Got a pitted golden ring
  2624 | D:4      | Noticed Natasha
  2633 | D:4      | Killed Natasha
  2657 | D:4      | Noticed Natasha
  2661 | D:4      | Killed Natasha
  2820 | D:4      | Noticed Natasha
  2825 | D:4      | Killed Natasha
  2919 | D:4      | Found a shattered altar of Ashenzari.
  2973 | D:4      | Found a sparkling altar of Nemelex Xobeh.
  3058 | D:4      | Reached XP level 7. HP: 55/62 MP: 7/7
  3198 | D:5      | Entered Level 5 of the Dungeon
  3229 | D:5      | Reached skill level 8 in Axes
  3280 | D:5      | Found a staircase to the Ecumenical Temple.
  3360 | D:5      | Found Hanlev's Distillery.
  3377 | D:5      | Found Etotipp's Antique Armour Shop.
  3398 | D:5      | Reached skill level 1 in Dodging
  3447 | D:5      | Identified the ring "Dusontof" {*Tele rF+} (You found it on
                  | level 4 of the Dungeon)
  3457 | D:5      | Found Viafyg's Armour Emporium.
  3590 | D:5      | Found Varahyxt's Antique Weapon Emporium.
  3606 | D:5      | Reached XP level 8. HP: 59/71 MP: 8/8
  3618 | D:5      | Found a glowing golden altar of the Shining One.
  3902 | Temple   | Entered the Ecumenical Temple
  4304 | D:6      | Reached skill level 9 in Axes
  4314 | D:6      | Reached skill level 5 in Armour
  4334 | D:6      | Reached skill level 5 in Shields
  4564 | D:6      | Gained mutation: Your movements are slightly less
                  | encumbered by armour. (ER -2) [potion of mutation]
  4564 | D:6      | Gained mutation: You evolve. [potion of mutation]
  4564 | D:6      | Gained mutation: You have supernaturally acute eyesight.
                  | (SInv) [potion of mutation]
  4609 | D:6      | You fall into a shaft and drop 1 floor!
  4649 | D:7      | Reached XP level 9. HP: 73/79 MP: 9/9
  4934 | D:7      | Noticed Dowan
  4935 | D:7      | Noticed Duvessa
  4945 | D:7      | Killed Duvessa
  4950 | D:7      | Killed Dowan
  5005 | D:7      | Noticed Pikel
  5025 | D:7      | Killed Pikel
  5025 | D:7      | Reached skill level 10 in Axes
  5074 | D:7      | Found a sand-covered staircase.
  5079 | Ossuary  | Entered an ossuary
  5560 | D:7      | Reached XP level 10. HP: 61/90 MP: 10/10
  6121 | D:7      | Gained mutation: You are partially covered in slimy green
                  | scales. (AC +2) [evolution]
  6233 | D:6      | Found Bafrig's Armour Boutique.
  6443 | D:8      | Found Nuah's Weapon Boutique.
  6502 | D:8      | Reached skill level 11 in Axes
  6522 | D:8      | Identified the cursed +1 mace "Mineij" {drain, Stlth+}
  6571 | D:8      | Found a shimmering blue altar of Sif Muna.
  6872 | D:8      | Found a basalt altar of Yredelemnul.
  6963 | D:8      | Reached skill level 10 in Fighting
  7262 | D:9      | Noticed a gargoyle
  7266 | D:9      | Killed a gargoyle
  7344 | D:9      | Reached skill level 12 in Axes
  7423 | D:9      | Found an opulent altar of Gozag.
  7424 | D:9      | Found a snail-covered altar of Cheibriados.
  7424 | D:9      | Found an ornate altar of the Wu Jian Council.
  7425 | D:9      | Found a bloodstained altar of Trog.
  7432 | D:9      | Became a worshipper of Cheibriados the Contemplative
  7448 | D:9      | Noticed a two-headed ogre
  7463 | D:9      | Killed a two-headed ogre
  7463 | D:9      | Reached skill level 1 in Evocations
  7629 | D:9      | Reached XP level 11. HP: 91/101 MP: 12/14
  7711 | D:9      | Reached skill level 5 in Invocations
  7720 | D:9      | Found a staircase to the Orcish Mines.
  7764 | D:9      | Reached * piety under Cheibriados
  8215 | D:9      | Found a staircase to the Lair.
  8358 | D:9      | Reached ** piety under Cheibriados
  8823 | D:9      | Found a blossoming altar of Fedhas.
  8842 | D:9      | Noticed an oklob plant
  8954 | D:10     | Entered Level 10 of the Dungeon
  9202 | D:10     | Gained mutation: You are occasionally teleported next to
                  | monsters. [evolution]
  9394 | D:10     | Noticed an unseen horror
  9419 | D:10     | Killed an unseen horror
  9419 | D:10     | Reached *** piety under Cheibriados
  9419 | D:10     | Reached skill level 1 in Throwing
  9455 | D:10     | Noticed an unseen horror
  9520 | D:10     | Killed an unseen horror
  9844 | D:10     | Reached skill level 5 in Evocations
  9982 | D:10     | Reached **** piety under Cheibriados
 10127 | D:11     | Reached skill level 10 in Invocations
 10238 | D:11     | Got a faintly glowing hand axe
 10239 | D:11     | Identified the +5 hand axe "Zaufafi" {speed, Str+5 SInv}
                  | (You found it on level 11 of the Dungeon)
 10347 | D:11     | Reached XP level 12. HP: 85/107 MP: 19/19
 10801 | D:12     | You fall into a shaft and drop 2 floors!
 10913 | D:14     | Found a gate leading to a gauntlet.
 10917 | Gauntlet | Entered a Gauntlet
 10917 | Gauntlet | Found a transporter.
 10917 | Gauntlet | Found a transporter.
 10917 | Gauntlet | Found a transporter.
 10917 | Gauntlet | Found a transporter.
 10917 | Gauntlet | Noticed a queen ant
 10918 | Gauntlet | Found the +0 Maxwell's etheric cage {RegenMP+ *Contam rElec
                  | MP+4}
 10923 | Gauntlet | Found a transporter.
 10923 | Gauntlet | Found a transporter.
 10965 | Gauntlet | Found a transporter.
 10965 | Gauntlet | Found a transporter.
 10975 | Gauntlet | Found a transporter.
 10994 | Gauntlet | Noticed a death scarab
 10998 | Gauntlet | Found a transporter.
 11002 | Gauntlet | Noticed a death scarab
 11016 | Gauntlet | Found a transporter.
 11020 | Gauntlet | Found a transporter.
 11078 | Gauntlet | Identified the Reference Book on Battle Magic
 11093 | Gauntlet | Reached ***** piety under Cheibriados
 11121 | Gauntlet | Killed a death scarab
 11121 | Gauntlet | Killed a death scarab
 11121 | Gauntlet | Reached skill level 13 in Axes
 11125 | Gauntlet | HP: 2/110 [spectral seven-headed hydra (5)]
 11126 | Gauntlet | Mangled by a spectral seven-headed hydra

Levels and vault maps discovered:
D:1:      dpeg_arrival_renting, layout_loops_corners, minmay_gold_behind_fungi,
          chequers_mini_garden
D:2:      layout_rooms, uniq_crazy_yiuf_cottage
D:3:      layout_basic, uniq_jessica, uniq_terence
D:4:      layout_basic, nemelex_altar_shiori, kennysheep_mini, first_ration,
          uniq_natasha
D:5:      layout_cave_pools, temple_doors_ab, basic_altar, serial_shops, shop,
          shop, nicolae_shop_overgrown_old_shop, shop, small_statue_intersection
D:6:      layout_cave_pools, serial_shops, kennysheep_little_box,
          grunt_ministairs_13, nicolae_water_bricks, minivault_4,
          kennysheep_boxes
D:7:      layout_basic, nicolae_ossuary_entry_catacombs, minmay_misc_feat_cross,
          uniq_duvessa, uniq_pikel
D:8:      layout_basic, old_standard_altar, serial_shops, shop,
          minmay_ruined_shrine
D:9:      minmay_blocky_corners, layout_basic, tgw_fedhas,
          chequers_temple_overflow_statue_of_worship, minmay_lair_entry_grove,
          zombieorc2_lemuel
D:10:     layout_irregular_city, grunt_livestock, minivault_23
D:11:     layout_loops_ring
D:12:     layout_loops_ring, dk_noncrumbling_4
D:14:     layout_loops_cross, grunt_vaults_entry_tiered,
          hangedman_decor_riveting, gauntlet_entry_generic,
          nicolae_ru_awakened_eye, uniq_jorgrun
Temple:   eino_narrow_crystal_temple
Gauntlet: gammafunk_gauntlet_hard_choice [nicolae_gauntlet_arena_grate_2,
          gammafunk_gauntlet_arena_crates,
          gammafunk_gauntlet_arena_split_diamond,
          nicolae_gauntlet_arena_flowing_pool, nicolae_gauntlet_arena_t_cross,
          gammafunk_gauntlet_arena_teeth, gauntlet_exit_spiral]

Skill      XL: |  1  2  3  4  5  6  7  8  9 10 11 12 |
---------------+-------------------------------------+-----
Axes           | 3 4 5 6 7 8 9 10 12 13 | 13.0
Fighting       | 4 5 6 7 8 10 11 | 11.4
Dodging        | 1 3 4 |  4.5
Shields        | 4 5 6 7 |  7.0
Armour         | 4 5 6 7 |  7.0
Invocations    | 4 10 11 | 11.7
Evocations     | 2 5 |  5.6
Throwing       | 3 |  3.3

Action                   |  1- 3 |  4- 6 |  7- 9 | 10-12 || total
-------------------------+-------+-------+-------+-------++-------
Melee: War axe           |    84 |   189 |   385 |   746 ||  1404
Throw: Dart              |     1 |     2 |     3 |     1 ||     7
Invok: Slouch            |       |       |       |     2 ||     2
Evoke: Wand              |       |       |     4 |       ||     4
  Use: Scroll            |     2 |     5 |    11 |     4 ||    22
       Potion            |       |       |     4 |     4 ||     8
 Stab: Sleeping          |       |       |       |     1 ||     1
       Invisible         |       |       |       |     3 ||     3
  Eat: Chunk             |       |     7 |     4 |     5 ||    16
       Ration            |       |       |     2 |     6 ||     8
Armor: Ring mail         |    37 |    62 |   112 |   211 ||   422
Dodge: Dodged            |    34 |    54 |   155 |   444 ||   687
       Deflected         |       |     4 |     2 |     8 ||    14
Block: Shield            |    39 |    84 |   173 |   473 ||   769

Table legend:
 A = Non-vault XP
 B = Vault XP
 C = Vault XP percentage of total XP
 D = Non-vault monster count
 E = Vault monster count
 F = Vault count percentage of total count
                 A         B        C        D         E       F
            +---------+---------+-------+---------+---------+-------
      Total |   14467 |   10868 |  42.9 |     282 |     123 |  30.4
            +---------+---------+-------+---------+---------+-------
        D:1 |      45 |       0 |   0.0 |      24 |       0 |   0.0
        D:2 |      44 |      40 |  47.6 |      18 |       1 |   5.3
        D:3 |     184 |      73 |  28.4 |      40 |       2 |   4.8
        D:4 |     240 |      37 |  13.4 |      12 |       1 |   7.7
        D:5 |     589 |       0 |   0.0 |      23 |       0 |   0.0
        D:6 |     727 |     139 |  16.1 |      18 |       2 |  10.0
        D:7 |    1962 |     978 |  33.3 |      38 |       9 |  19.1
        D:8 |    1532 |     388 |  20.2 |      35 |       8 |  18.6
        D:9 |    2038 |    3099 |  60.3 |      13 |      51 |  79.7
       D:10 |    3710 |     997 |  21.2 |      37 |       5 |  11.9
       D:11 |    1872 |       0 |   0.0 |      11 |       0 |   0.0
       D:12 |     344 |       0 |   0.0 |       7 |       0 |   0.0
       D:14 |    1180 |     785 |  39.9 |       6 |       4 |  40.0
    Ossuary |       0 |     296 | 100.0 |       0 |      28 | 100.0
   Gauntlet |       0 |    4036 | 100.0 |       0 |      12 | 100.0
            +---------+---------+-------+---------+---------+-------
